 Dungeon Crawl Stone Soup version 0.32-a0-768-g0f6f1dd4b9 (webtiles) character file.

Game seed: 16892481599021790586

7254 johnj the Slicer (level 11, -9/52 HPs)
             Began as a Vine Stalker Fighter on Mar 18, 2024.
             Was a Believer of Uskayaw.
             Engulfed by a cloud of flame (10 damage)
             ... on level 2 of the Lair of Beasts.
             The game lasted 00:34:39 (3097 turns).

johnj the Slicer (Vine Stalker Fighter)             Turns: 3097, Time: 00:34:39

Health: -9/52      AC: 15    Str: 23    XL:     11   Next: 12%
Magic:  0/12       EV:  7    Int: 10    God:    Uskayaw [**....]
Gold:   326        SH:  6    Dex: 19    Spells: 10/10 levels left

rFire   . . .        w - +9 short sword "Geadwaad" {heavy, rN+ Str+2 Int+3}
rCold   . . .        c - +0 buckler
rNeg    + . .        y - +1 plate armour
rPois   .            (no helmet)
rElec   .            (no cloak)
rCorr   .            n - +0 pair of gloves
SInv    .            (no boots)
Will    +....        l - amulet of the acrobat Stlth
                     o - ring of flight
HPRegen 1.08/turn    (no ring)
MPRegen 0.13/turn

%: acrobat, guardian spirit
@: flying
A: fangs 3, regeneration 1, magic shield, antimagic bite, no potion heal 2,
claws 1, agile 1, frail 1
a: Renounce Religion, Stomp, Line Pass


You were on level 2 of the Lair of Beasts.
You worshipped Uskayaw.
Uskayaw was noncommittal.
You visited 2 branches of the dungeon, and saw 10 of its levels.

You collected 326 gold pieces.

Inventory:

Hand Weapons
 f - the +6 dagger "Ravvifank" {pain, rC+ Int+2}
   (You found it on level 2 of the Dungeon)

   Int+2:     It affects your intelligence (+2).
   rC+:       It protects you from cold.
 i - a +0 quick blade of venom
 k - a +0 long sword of holy wrath
 m - the +0 dagger "Jozxy" {heavy, rF+ rC+}
   (You found it on level 2 of the Dungeon)

   rF+:       It protects you from fire.
   rC+:       It protects you from cold.
 r - the +3 whip "Taukorph" {antimagic, Str+4 Dex+2}
   (You found it on level 4 of the Dungeon)

   Str+4:     It affects your strength (+4).
   Dex+2:     It affects your dexterity (+2).
 u - a +1 broad axe of flaming
 w - the +9 short sword "Geadwaad" (weapon) {heavy, rN+ Str+2 Int+3}
   (You found it on level 6 of the Dungeon)

   Str+2:     It affects your strength (+2).
   Int+3:     It affects your intelligence (+3).
   rN+:       It protects you from negative energy.
Missiles
 g - 4 poisoned darts
 h - 2 atropa-tipped darts (quivered)
Armour
 b - a +0 scale mail
 c - a +0 buckler (worn)
 j - a +1 chain mail
 n - a +0 pair of gloves (worn)
 v - +0 steam dragon scales
 y - a +1 plate armour (worn)
Jewellery
 l - an amulet of the acrobat (around neck)
 o - a ring of flight (left hand)
 s - an amulet of magic regeneration
Wands
 z - a wand of digging (2)
 A - a wand of roots (12)
Scrolls
 x - 2 scrolls of enchant weapon
 C - a scroll of immolation
 D - a scroll of identify
Potions
 a - a potion of ambrosia {unknown}
 d - a potion of might
 e - 2 potions of brilliance
 p - a potion of curing
 q - 2 potions of magic
 t - 2 potions of lignification {unknown}
 B - a potion of haste


   Skills:
 + Level 7.1 Fighting
 + Level 9.2 Short Blades
 + Level 6.8 Armour
 + Level 2.5 Dodging
 + Level 7.3 Stealth
 + Level 6.0 Shields


You had 10 spell levels left.
You didn't know any spells.
Your spell library contained the following spells:

 Spells                   Type           Power      Damage    Failure   Level
 Summon Small Mammal      Summ           0%         N/A       100%        1
 Cigotuvi's Dreadful Rot  Necr/Alch/Air  0%         N/A       100%        2
 Call Canine Familiar     Summ           0%         N/A       100%        3
 Summon Ice Beast         Ice/Summ       0%         N/A       100%        3
 Dispel Undead            Necr           0%         3d6       100%        4
 Martyr's Knell           Necr/Summ      0%         N/A       100%        4
 Summon Blazeheart Golem  Fire/Summ      0%         N/A       100%        4
 Summon Mana Viper        Hex/Summ       0%         N/A       100%        5
 Monstrous Menagerie      Summ           0%         N/A       100%        7


Dungeon Overview and Level Annotations

Branches:
Dungeon (8/15)               Lair (2/5) D:8
 Temple: D:4-7        Swamp: Lair:2-3    Shoals: Lair:2-3     Snake: Lair:2-3
 Spider: Lair:2-3

Altars:
Fedhas
Qazlal
Trog
Uskayaw
Yredelemnul

Shops:
D:7 =

Portals:
Bailey: D:7


Innate Abilities, Weirdness & Mutations

You have razor-sharp teeth.
Your natural rate of healing is unusually fast.
When hurt, damage is shared between your health and your magic reserves.
Your bite disrupts and absorbs the magic of your enemies.
Potions cannot restore your health.
You have sharp fingernails.
You are agile. (Dex +4, Str/Int -1)
You are frail. (-10% HP)


Message History

The black mamba bites you but does no damage.
The cane toad stings you!
You can now pass through a line of other dancers.
You closely miss the cane toad.
The cane toad is heavily wounded.
The black mamba bites you but does no damage.
The cane toad stings you!
You are poisoned.
The cane toad poisons you! You block the black mamba's attack.
You puncture the black mamba! You bite the black mamba. You drain its power.
You feel invigorated.
The black mamba is moderately wounded.
You feel very sick. You block the black mamba's attack.
The cane toad stings you!
You puncture the black mamba! Your bite misses the black mamba.
The black mamba is severely wounded.
You feel sick. You block the black mamba's attack. The cane toad stings you!
You are more poisoned.
The cane toad poisons you!
The black mamba bites you but does no damage.
Your system rejects the healing.
You feel better. You block the black mamba's attack.
You block the cane toad's attack. The black mamba barely misses you.
Read: 2 scrolls of immolation
Press: ? - help, Q - select action, (/) - cycle Dir - look around, f - activate Look: a cane toad (heavily wounded, susceptible)
As you read the scroll of immolation, it crumbles to dust.
The creatures around you are filled with an inner flame!
You block the black mamba's attack. The cane toad stings you.
You impale the black mamba!!
The black mamba explodes!
The fiery explosion engulfs you!
* * * LOW HITPOINT WARNING * * *
The fiery explosion engulfs the cane toad!!
The cane toad explodes!
The fiery explosion engulfs you.
* * * LOW HITPOINT WARNING * * *
You are engulfed in blazing flames.
You die...
Your body falls in perfect tune with the rhythm.

###.........#
#.#.........#
#..........# #
##.........#P#
#.............
#.....§§...#
#....§§§..###
#....@§§....#
###'###§###.+
##.# # #..#
#.[### #....#
###.## #.#
#.##


There were no monsters in sight!

Vanquished Creatures
  A two-headed ogre (D:8)
  A black mamba (Lair:2)
  2 cane toads
  2 komodo dragons (Lair:1)
  Maggie (D:6)
  3 blink frogs (Lair:1)
  4 yaks (D:8)
  6 wyverns
  2 steam dragons
  9 water moccasins
  An orc warrior (D:5)
  A sky beast (D:7)
  A black bear (D:4)
  2 ogres (D:5)
  An ice beast (D:7)
  2 centaurs (D:7)
  3 phantoms
  A kobold brigand (D:8)
  7 bullfrogs
  3 scorpions
  3 wights (D:8)
  A vampire bat (D:7)
  6 orc priests
  4 hounds
  2 jellies
  A sleepcap (D:3)
  2 iguanas (D:5)
  2 orc wizards (D:6)
  3 gnolls (D:4)
  4 adders
  A shadow imp (D:8)
  4 white imps
  3 dart slugs
  16 orcs
  5 endoplasms
  2 giant cockroaches (D:3)
  11 goblins
  7 hobgoblins
  2 jackals (D:2)
  6 quokkas
  6 ball pythons
  10 bats
  2 frilled lizards (D:1)
  6 kobolds
  5 rats
167 creatures vanquished.

Notes
Turn   | Place    | Note
-------+----------+-------------------------------------------
     0 | D:1      | johnj the Vine Stalker Fighter began the quest for the Orb.
     0 | D:1      | Reached XP level 1. HP: 11/11 MP: 2/2
   141 | D:1      | Reached XP level 2. HP: 15/16 MP: 3/3
   485 | D:2      | Identified the +6 dagger "Ravvifank" {pain, rC+ Int+2}
   602 | D:2      | Reached XP level 3. HP: 20/20 MP: 4/4
   644 | D:2      | Reached skill level 2 in Short Blades
   679 | D:2      | Identified the +0 dagger "Jozxy" {heavy, rF+ rC+}
   697 | D:3      | Reached XP level 4. HP: 24/24 MP: 5/5
   789 | D:3      | Found a blossoming altar of Fedhas.
   825 | D:3      | Found a bloodstained altar of Trog.
   835 | D:3      | Identified a scroll of acquirement
   835 | D:3      | Acquired a +0 quick blade of venom
   846 | D:3      | Found a hide-covered altar of Uskayaw.
   846 | D:3      | Noticed a +0 falchion
   846 | D:3      | Noticed a +0 spear
   846 | D:3      | Noticed a +0 short sword
   846 | D:3      | Noticed a +0 short sword
   846 | D:3      | Noticed a +0 spear
   846 | D:3      | Noticed a +0 falchion
   846 | D:3      | Noticed a +0 dagger
   853 | D:3      | Noticed a +0 dagger
   872 | D:3      | Became a worshipper of Uskayaw the Reveller
   929 | D:3      | Found a basalt altar of Yredelemnul.
   967 | D:4      | Noticed a scorpion
   972 | D:4      | Killed a scorpion
   972 | D:4      | Reached * piety under Uskayaw
   973 | D:4      | Reached XP level 5. HP: 28/28 MP: 6/6
  1004 | D:4      | Reached skill level 1 in Stealth
  1004 | D:4      | Reached ** piety under Uskayaw
  1105 | D:4      | Noticed a phantom
  1118 | D:4      | Reached *** piety under Uskayaw
  1119 | D:4      | Killed a phantom
  1120 | D:4      | Reached skill level 3 in Short Blades
  1120 | D:4      | Reached XP level 6. HP: 31/33 MP: 7/7
  1133 | D:4      | Noticed a black bear
  1139 | D:4      | Killed a black bear
  1145 | D:4      | Identified the +3 whip "Taukorph" {antimagic, Str+4 Dex+2}
  1308 | D:5      | Entered Level 5 of the Dungeon
  1351 | D:5      | Reached skill level 4 in Short Blades
  1351 | D:5      | Reached XP level 7. HP: 37/37 MP: 8/8
  1358 | D:5      | Reached skill level 1 in Dodging
  1359 | D:5      | Reached **** piety under Uskayaw
  1430 | D:5      | Reached ***** piety under Uskayaw
  1433 | D:5      | Reached skill level 5 in Short Blades
  1433 | D:5      | Gained mutation: You have razor-sharp teeth. [Vine Stalker
                  | growth]
  1433 | D:5      | Reached XP level 8. HP: 37/42 MP: 6/9
  1439 | D:5      | Gained mutation: You have sharp fingernails. [potion of
                  | mutation]
  1439 | D:5      | Gained mutation: You are frail. (-10% HP) [potion of
                  | mutation]
  1439 | D:5      | Gained mutation: You are agile. (Dex +4, Str/Int -1)
                  | [potion of mutation]
  1623 | D:6      | Noticed Maggie
  1627 | D:6      | Reached skill level 5 in Fighting
  1652 | D:6      | Killed Maggie
  1677 | D:6      | Reached skill level 6 in Short Blades
  1698 | D:6      | Reached XP level 9. HP: 25/42 MP: 10/10
  1765 | D:6      | Identified the +9 short sword "Geadwaad" {heavy, rN+ Str+2
                  | Int+3}
  1887 | D:7      | Reached skill level 5 in Armour
  1922 | D:7      | Found a flagged portal.
  1980 | D:7      | Reached skill level 5 in Stealth
  1985 | D:7      | Found a stormy altar of Qazlal.
  2045 | D:7      | Found Ciegerax's Jewellery Shoppe.
  2165 | D:8      | Reached skill level 7 in Short Blades
  2248 | D:8      | Reached skill level 5 in Shields
  2255 | D:8      | Noticed a two-headed ogre
  2265 | D:8      | Killed a two-headed ogre
  2266 | D:8      | Reached XP level 10. HP: 28/47 MP: 7/11
  2410 | D:8      | Reached skill level 8 in Short Blades
  2418 | D:8      | Found a staircase to the Lair.
  2515 | Lair:1   | Entered Level 1 of the Lair of Beasts
  2515 | Lair:1   | Noticed a cane toad
  2522 | Lair:1   | Killed a cane toad
  2899 | Lair:1   | Reached skill level 9 in Short Blades
  2994 | Lair:1   | Reached XP level 11. HP: 52/52 MP: 12/12
  3097 | Lair:2   | HP: 1/52 [spore (5)]
  3097 | Lair:2   | Engulfed by a cloud of flame

Illustrated notes

Levels and vault maps discovered:
D:1:      eino_arrival_druids_welcome, layout_basic, basic_ecumenical_altar
D:2:      layout_loops_ring, serial_forest, infiniplex_forest_end_3,
          infiniplex_forest_end_double, infiniplex_forest_clump_curved,
          infiniplex_forest_clump_double, infiniplex_forest_zigzag_1,
          infiniplex_forest_lined_4_way, infiniplex_forest_clump_long,
          infiniplex_forest_clump_large, infiniplex_forest_clump_cross,
          serial_bayou_pond_b, minmay_misc_feat_alley, serial_bayou_lagoon_a,
          reono_crystal_passage, chequers_jeans
D:3:      layout_basic, nicolae_overflow_quartered_altars,
          nicolae_uskayaw_en_pointe
D:4:      layout_cave_pools, minmay_crossroads, uniq_blork_the_orc
D:5:      minmay_clustersquares, layout_cave_pools, mainiacjoe_overflow_paths,
          due_unseen_surprise
D:6:      layout_basic, minmay_temple_entry_statues_fountains, uniq_maggie
D:7:      layout_gridville, mainiacjoe_overflow_cross_hatched,
          mainiacjoe_overflow_swirl, enter_bailey_3, serial_shops,
          nicolae_shop_stone, nicolae_zen_rock_garden, hangedman_decor_opposing,
          roderic_batcave, st_stairs_4, guppyfry_early_elven_hall
D:8:      layout_loops_ring, minmay_lair_entry_grove, minmay_holes, st_stairs_6,
          hangedman_incinerator
Lair:1:   layout_layer_cave, serial_bayou_shore_a
Lair:2:   layout_roguey, nicolae_spider_entry_orb_guardian,
          grunt_forest_stairs_clearing, grunt_megastairs_2

Skill      XL: |  1  2  3  4  5  6  7  8  9 10 11 |
---------------+----------------------------------+-----
Fighting       | 3 4 5 6 7 |  7.1
Short Blades   | 2 3 4 5 6 7 9 |  9.2
Armour         | 3 4 5 6 |  6.8
Shields        | 3 4 5 6 |  6.0
Stealth        | 1 2 4 5 7 |  7.3
Dodging        | 1 2 |  2.5

Action                     |  1- 3 |  4- 6 |  7- 9 | 10-12 || total
---------------------------+-------+-------+-------+-------++-------
  Melee: Rapier            |    51 |       |       |       ||    51
         Bite              |    19 |    42 |    98 |    38 ||   197
         Dagger            |    29 |    37 |       |       ||    66
         Quick blade       |       |   109 |   174 |       ||   283
         Short sword       |       |       |   110 |   119 ||   229
 Invoke: Stomp             |       |     1 |     1 |       ||     2
    Use: Scroll            |     1 |     6 |     5 |     4 ||    16
         Potion            |       |       |     1 |     1 ||     2
   Stab: Paralysed         |       |     1 |    12 |     5 ||    18
 Armour: Scale mail        |    34 |       |       |       ||    34
         Chain mail        |    22 |    64 |   122 |       ||   208
         Plate armour      |       |       |    53 |    74 ||   127
  Dodge: Dodged            |    27 |    31 |    93 |    36 ||   187
  Block: Buckler           |    12 |    29 |    43 |    34 ||   118

Table legend: (Time is in decaauts)
 A = Elapsed time spent in this place.
 B = Non-inter-level travel time spent in this place.
 C = Inter-level travel time spent in this place.
 D = Time resting spent in this place.
 E = Time spent auto-exploring this place.
 F = Levels seen in this place.
 G = Mean time per level.
                   A        B        C        D        E       F      G
               +--------+--------+--------+--------+--------+-----+--------+
         Total |   3087 |   3087 |      0 |    161 |    184 |  10 |  308.7 |
       Dungeon |   2515 |   2515 |      0 |     62 |    152 |   8 |  314.4 |
          Lair |    572 |    572 |      0 |     99 |     32 |   2 |  286.0 |
               +--------+--------+--------+--------+--------+-----+--------+

Top non-repeatable levels by time:
  Lair:1: 511 daAuts
     D:1: 445 daAuts
     D:8: 369 daAuts
     D:4: 343 daAuts
     D:7: 327 daAuts
     D:3: 280 daAuts
     D:6: 275 daAuts
     D:2: 243 daAuts
     D:5: 230 daAuts
  Lair:2: 60 daAuts
